 Seeded DCSS version 0.32-a0-35-gd9ff480968 (webtiles) character file.

Game seed: 9872065412798756122 (custom seed)

32205 timneilson the Grappler (level 13, -3/92 HPs)
             Began as an Octopode Shapeshifter on Jan 21, 2024.
             Was an Initiate of Gozag.
             Slain by an elephant (5 damage)
             ... on level 2 of the Lair of Beasts on Jan 22, 2024.
             The game lasted 00:45:29 (18701 turns).

timneilson the Grappler (Octopode Shapeshifter)    Turns: 18701, Time: 00:45:30

Health: -3/92      AC:  9    Str: 23    XL:     13   Next: 63%
Magic:  15/18      EV: 22    Int: 18    God:    Gozag
Gold:   1509       SH:  5    Dex: 14    Spells: 9/19 levels left

rFire   + .          .
                       - Unarmed
rCold   + . .        (shield currently unavailable)
rNeg    . . .        x - +1 hat of Qaogh {Dex+2}
rPois   +            D - amulet of reflection
rElec   .            v - ring of see invisible
rCorr   .            C - ring of Casuq {Str+6 Int+5}
SInv    +            E - ring of Beogh's Regard {rPois Will+}
Will    +....        H - ring of protection from fire
Stlth   ++           K - ring of protection from cold
HPRegen 0.35/turn    z - ring of wizardry
MPRegen 0.16/turn    (no ring)
                     (no ring)

%: reflection, wizardry (x1)
@: flux-form, gold aura, glowing
A: glow, contaminating, almost no armour, amphibious, 8 rings, camouflage 1,
gelatinous body 1, (nimble swimmer 1), tentacles
a: Begin Untransformation, Renounce Religion, Potion Petition, Call Merchant,
Bribe Branch


You were on level 2 of the Lair of Beasts.
You worshipped Gozag.
Gozag was most pleased with you.
You were something dangerously unstable.
You visited 2 branches of the dungeon, and saw 15 of its levels.

You collected 5857 gold pieces.
You spent 2193 gold pieces at shops.
You paid 2155 gold pieces to Gozag.

Inventory:

Missiles
 d - 37 poisoned darts
 y - 6 curare-tipped darts (quivered)
 J - a throwing net
Armour
 x - the +1 hat of Qaogh (worn) {Dex+2}
   (You acquired it on level 6 of the Dungeon)

   Dex+2:     It affects your dexterity (+2).
Jewellery
 v - a ring of see invisible (left tentacle)
 z - a ring of wizardry (on tentacle)
 C - the ring of Casuq (right tentacle) {Str+6 Int+5}
   (You found it on level 7 of the Dungeon)

   [ring of strength]

   Str+6:     It affects your strength (+6).
   Int+5:     It affects your intelligence (+5).
 D - an amulet of reflection (around mantle)
 E - the ring of Beogh's Regard (on tentacle) {rPois Will+}
   (You bought it in a shop on level 8 of the Dungeon)

   [ring of willpower]

   rPois:     It protects you from poison Will+: It increases your willpower.
 H - a ring of protection from fire (on tentacle)
 K - a ring of protection from cold (on tentacle)
Talismans
 b - a beast talisman
 c - a flux talisman (active)
 p - a talisman of death
 M - a dragon-blood talisman
Wands
 m - a wand of acid (3)
 u - a wand of paralysis (7)
 w - a wand of iceblast (8)
 I - a wand of flame (10)
Scrolls
 f - 5 scrolls of revelation
 h - 2 scrolls of fear
 j - 2 scrolls of brand weapon
 l - 2 scrolls of poison
 r - a scroll of fog
 s - 10 scrolls of teleportation
 t - 2 scrolls of amnesia
 A - a scroll of silence
 L - a scroll of vulnerability
 N - a scroll of enchant armour
 P - a scroll of torment
 R - a scroll of blinking
Potions
 a - a potion of lignification
 e - 3 potions of magic
 g - 4 potions of curing
 i - 2 potions of enlightenment
 k - 3 potions of mutation
 o - a potion of brilliance
 q - 8 potions of invisibility
 B - a potion of might
 F - a potion of cancellation
 G - 4 potions of attraction
 Q - a potion of resistance


   Skills:
 * Level 10.0 Fighting
 * Level 10.3 Dodging
 + Level 10.4 Stealth
 * Level 10.5 Unarmed Combat
 + Level 3.7 Spellcasting
 - Level 3.0 Translocations
 - Level 3.0 Air Magic
 - Level 3.0 Earth Magic
 + Level 6.3 Evocations
 * Level 9.7 Shapeshifting


You had 9 spell levels left.
You knew the following spells:

 Your Spells              Type           Power      Damage    Failure   Level
a - Blink                 Tloc           28%        N/A       2%          2
b - Passwall              Erth           14%        N/A       5%          3
c - Swiftness             Air            14%        N/A       5%          3
d - Lesser Beckoning      Tloc           28%        N/A       2%          2

Your spell library contained the following spells:

 Spells                   Type           Power      Damage    Failure   Level
 Momentum Strike          Conj/Tloc      16%        3d8       4%          2
 Call Imp                 Summ           6%         N/A       9%          2
 Ensorcelled Hibernation  Hex/Ice        6%         N/A       9%          2
 Sublimation of Blood     Necr           3%         N/A       9%          2
 Summon Hydra             Summ           1%         N/A       100%        7


Dungeon Overview and Level Annotations

Branches:
Dungeon (12/15)            Temple (0/1) D:5            Lair (3/5) D:9
  Swamp (0/4) Lair:2        Snake (0/4) Lair:2          Orc (0/2) D:12

Altars:
Cheibriados
Dithmenos
Gozag
Nemelex Xobeh
Trog
Uskayaw
Wu Jian
Xom
Yredelemnul

Shops:
D:1 :   D:8 !=   D:9 *   D:12 ?   Lair:2 *

Annotations:
D:4 1 runed translucent door
D:10 1 runed translucent door, timneilson's ghost, journeyman OpSh


Innate Abilities, Weirdness & Mutations

You are something dangerously unstable.
You glow with magical radiation, making you easy to see and hit.
Foes you strike become dangerously contaminated with magical radiation.
You are incapable of wielding weapons or throwing items.
You cannot wear most types of armour.
You are amphibious.
You can wear up to eight rings at the same time.
Your skin changes colour to match your surroundings (Stealth+).
Your rubbery body absorbs attacks. (AC +1, EV +1)
((You are camouflaged when in or above water. (Stealth+)))
You have tentacles for arms and can constrict up to eight enemies at once.


Message History

The elephant completely misses you.
You tentacle-slap the elephant.
The elephant glows dangerously bright.
You squeeze the elephant.
The elephant is heavily wounded.
The elephant misses you. You block the elephant's attack.
You bludgeon the elephant!
The elephant shudders as magic cascades through it!!
The elephant twists and deforms.
You squeeze the elephant.
You kill the elephant!
You bludgeon the elephant!
The elephant glows dangerously bright.
The elephant is lightly wounded.
The elephant tramples you!
You hold your ground!
The elephant trunk-slaps you.
You bludgeon the elephant!
The elephant shudders as magic cascades through it!
The elephant twists and deforms.
The elephant is severely wounded.
The elephant tramples you!
* * * LOW HITPOINT WARNING * * *
You hold your ground!
The elephant misses you.
You tentacle-slap the elephant.
The elephant begins to glow.
The elephant is severely wounded.
The elephant tramples you!
* * * LOW HITPOINT WARNING * * *
You hold your ground!
The elephant trunk-slaps you.
* * * LOW HITPOINT WARNING * * *
Cast which spell? (? or * to list)
Aiming: Passwall (mildly dangerous; 5% risk of failure)
Press: ? - help, Dir - move target A rock wall.
You block the elephant's attack. The elephant misses you.
You begin to meditate on the wall.
You continue meditating on the rock.
The elephant barely misses you. You block the elephant's attack.
You continue meditating on the rock.
The elephant tramples you!
* * * LOW HITPOINT WARNING * * *
You hold your ground!
The elephant closely misses you.
You continue meditating on the rock.
The elephant tramples you.
You die...
Your body crumbles into a pile of gold.

### ### ##.# ##.##
#.## ###
#.#.###.#######.## #
####.#..##..P#.#.####
#...>..P.......#..
##Y...............
#p##......P....##P
####....#......###
####.........##
##.#...........##
###.......>.#......
##...............#..
#......##.....####.#
#..###.###...## #.##
####.......###..##
###.


You could see an elephant (contam, misshapen).

Vanquished Creatures
  Gastronok (D:10)
  Fannar (D:10)
  A hydra (Lair:2)
  A two-headed ogre (D:12)
  4 death yaks (Lair:2)
  Nergalle (Lair:2)
  2 spriggan druids (Lair:2)
  A lindwurm (Lair:2)
  3 deep elf pyromancers
  A cyclops (D:12)
  An ugly thing (D:12)
  6 elephants (Lair:2)
  6 cane toads
  A rime drake (Lair:2)
  2 unseen horrors (D:10)
  2 komodo dragons
  A kobold demonologist (D:11)
  A troll (D:12)
  The ghost of Lobster4 the Chiller, an amateur MfIE (D:4)
  2 polar bears (Lair:2)
  2 hornets (Lair:2)
  9 blink frogs
  Sigmund (D:3)
  2 shadows (D:10)
  2 wraiths
  4 wyverns
  34 yaks
  2 basilisks (Lair:1)
  Grum (D:11)
  A steam dragon (D:7)
  7 vampire mosquitoes
  3 acid dragons
  12 water moccasins
  2 orc warriors
  3 ice beasts
  2 ogres
  6 black bears
  2 sky beasts
  2 wolves (D:11)
  12 centaurs
  2 kobold brigands
  Blork the orc (D:4)
  9 bullfrogs
  A gnoll sergeant (D:9)
  2 scorpions
  6 wights
  8 killer bees
  6 howler monkeys
  The ghost of Azoth the Insei, a weakling OpSh (D:3)
  7 hounds
  2 bombardier beetles
  A gnoll bouda (D:9)
  4 orc priests
  4 jellies
  3 sleepcaps
  6 iguanas
  2 orc wizards
  2 hound zombies (D:5)
  16 gnolls
  10 adders
  A white imp (D:6)
  2 ufetubi (D:6)
  A dart slug (D:4)
  3 ribbon worms
  21 orcs
  A bat (D:1)
  9 endoplasms
  2 giant cockroaches
  6 goblins
  10 hobgoblins
  2 jackals (D:9)
  A quokka (D:4)
  2 ball pythons
  2 frilled lizards (D:1)
  18 kobolds
  4 rats
326 creatures vanquished.

Vanquished Creatures (others)
  An unseen horror (D:11)
1 creature vanquished.

Grand Total: 327 creatures vanquished

Notes
Turn   | Place    | Note
-------+----------+-------------------------------------------
     0 | D:1      | timneilson the Octopode Shapeshifter began the quest for
                  | the Orb.
     0 | D:1      | Reached XP level 1. HP: 13/13 MP: 1/1
   234 | D:1      | Found Logiotz's Book Emporium.
   305 | D:1      | Reached XP level 2. HP: 17/18 MP: 2/2
  1027 | D:2      | Reached skill level 1 in Stealth
  1223 | D:2      | Reached XP level 3. HP: 17/23 MP: 3/3
  1710 | D:2      | Found a faded altar of an unknown god.
  2118 | D:3      | Found a sparkling altar of Nemelex Xobeh.
  2119 | D:3      | Found an opulent altar of Gozag.
  2124 | D:3      | Became a worshipper of Gozag Ym Sagoz the Greedy
  2138 | D:3      | Found a runed translucent gate.
  2138 | D:3      | Found a runed translucent gate.
  2138 | D:3      | Found a runed translucent gate.
  2138 | D:3      | Noticed Azoth's ghost (weakling OpSh)
  2142 | D:3      | Identified the +2 leather armour of Nubi {rElec Regen+}
  2212 | D:3      | Found a shimmering altar of Xom.
  2212 | D:3      | Found a shadowy altar of Dithmenos.
  2387 | D:3      | Noticed Sigmund
  2403 | D:3      | Killed Sigmund
  2404 | D:3      | Reached XP level 4. HP: 4/30 MP: 0/4
  2404 | D:3      | Reached XP level 5. HP: 5/35 MP: 0/5
  2579 | D:3      | Reached XP level 6. HP: 41/41 MP: 6/6
  2875 | D:3      | Identified the +2 leather armour "Nytall" {rF+ Int+5
                  | Stlth+}
  2970 | D:3      | Killed Azoth's ghost
  3091 | D:4      | Noticed a black bear
  3099 | D:4      | Killed a black bear
  3100 | D:4      | Reached XP level 7. HP: 37/46 MP: 4/7
  3381 | D:4      | Found a snail-covered altar of Cheibriados.
  3546 | D:4      | Found a runed translucent door.
  3568 | D:4      | Found a runed translucent door.
  3569 | D:4      | Noticed Lobster4's ghost (amateur MfIE)
  4181 | D:4      | Noticed Blork the orc
  4190 | D:4      | Killed Blork the orc
  4557 | D:5      | Entered Level 5 of the Dungeon
  4575 | D:5      | Reached skill level 5 in Unarmed Combat
  4575 | D:5      | Reached XP level 8. HP: 54/54 MP: 8/8
  4818 | D:5      | Reached skill level 5 in Shapeshifting
  4921 | D:5      | Found a staircase to the Ecumenical Temple.
  4924 | D:5      | Identified a scroll of acquirement
  4924 | D:5      | Acquired 979 gold pieces
  4942 | D:5      | Reached skill level 5 in Dodging
  5183 | D:5      | Found a hide-covered altar of Uskayaw.
  5360 | D:5      | Found a basalt altar of Yredelemnul.
  5453 | D:6      | Reached skill level 5 in Stealth
  5465 | D:6      | Reached skill level 5 in Fighting
  5619 | D:6      | Reached XP level 9. HP: 59/61 MP: 9/9
  5771 | D:6      | Acquired 300 gold pieces
  5773 | D:6      | Acquired 1000 gold pieces
  5775 | D:6      | Acquired the +1 hat of Qaogh {Dex+2}
  6197 | D:6      | Reached skill level 1 in Evocations
  6616 | D:7      | Found an ornate altar of the Wu Jian Council.
  7150 | D:7      | Noticed a deep elf pyromancer
  7214 | D:7      | Killed a deep elf pyromancer
  7215 | D:7      | Reached XP level 10. HP: 33/69 MP: 7/10
  7351 | D:7      | Identified the ring of Casuq {Str+6 Int+5}
  7566 | D:8      | Found Udeps's Jewellery Shoppe.
  7579 | D:8      | Bought an amulet of reflection for 390 gold pieces
  7579 | D:8      | Bought the ring of Beogh's Regard {rPois Will+} for 470
                  | gold pieces
  7592 | D:8      | Bought a potion of cancellation for 104 gold pieces
  7592 | D:8      | Bought a potion of invisibility for 104 gold pieces
  7592 | D:8      | Bought a potion of curing for 39 gold pieces
  7592 | D:8      | Bought a potion of attraction for 39 gold pieces
  7592 | D:8      | Bought a potion of heal wounds for 65 gold pieces
  7592 | D:8      | Bought a potion of invisibility for 104 gold pieces
  7851 | D:8      | Found a bloodstained altar of Trog.
  8837 | D:9      | Found Xajeloir's Assorted Antiques.
  8870 | D:9      | Found a staircase to the Lair.
  9319 | D:10     | Entered Level 10 of the Dungeon
  9407 | D:10     | Found a runed translucent door.
  9409 | D:10     | Noticed timneilson's ghost (journeyman OpSh)
  9415 | D:10     | Noticed an unseen horror
  9433 | D:10     | Killed an unseen horror
  9882 | D:8      | Bought a ring of protection from fire for 325 gold pieces
  9882 | D:8      | Bought a ring of protection from cold for 325 gold pieces
  9942 | D:10     | Noticed Fannar
  9952 | D:10     | Killed Fannar
  9953 | D:10     | Reached XP level 11. HP: 51/75 MP: 11/11
 10096 | D:10     | Noticed Gastronok
 10125 | D:10     | Killed Gastronok
 10981 | D:1      | Bought a book of Spatial Translocations for 180 gold pieces
 10984 | D:1      | Learned a level 2 spell: Blink
 10988 | D:1      | Learned a level 3 spell: Passwall
 10992 | D:1      | Learned a level 3 spell: Swiftness
 11112 | D:4      | Killed Lobster4's ghost
 11296 | D:11     | Noticed Grum
 11310 | D:11     | Killed Grum
 11665 | D:11     | Identified the +0 chain mail of the Other Side {Fly rF+
                  | Int+4}
 12358 | D:11     | Reached skill level 1 in Translocations
 12862 | D:12     | Noticed a cyclops
 12876 | D:12     | Killed a cyclops
 12877 | D:12     | Reached skill level 1 in Spellcasting
 12877 | D:12     | Reached skill level 1 in Air Magic
 12877 | D:12     | Reached skill level 1 in Earth Magic
 12971 | D:12     | Noticed a two-headed ogre
 12984 | D:12     | Killed a two-headed ogre
 13067 | D:12     | Noticed a deep elf pyromancer
 13075 | D:12     | Killed a deep elf pyromancer
 13236 | D:12     | Found a staircase to the Orcish Mines.
 13252 | D:12     | Noticed a purple ugly thing
 13267 | D:12     | Killed a red ugly thing
 13335 | D:12     | Reached XP level 12. HP: 50/84 MP: 14/14
 14178 | D:12     | Bought a scroll of teleportation for 48 gold pieces
 14242 | Lair:1   | Entered Level 1 of the Lair of Beasts
 14273 | Lair:1   | Reached skill level 5 in Evocations
 14683 | Lair:1   | Found the +8 whip "Snakebite" {venom, curare, rPois}
 15849 | Lair:1   | Learned a level 2 spell: Lesser Beckoning
 16197 | Lair:2   | Reached XP level 13. HP: 54/90 MP: 17/17
 16386 | Lair:2   | Reached skill level 10 in Unarmed Combat
 16471 | Lair:2   | Noticed Nergalle
 16481 | Lair:2   | Killed Nergalle
 16587 | Lair:2   | Reached skill level 10 in Stealth
 17033 | Lair:2   | Reached skill level 10 in Dodging
 17388 | Lair:2   | Found a staircase to the Snake Pit.
 17790 | Lair:2   | Reached skill level 10 in Fighting
 18098 | Lair:2   | Found a staircase to the Swamp.
 18700 | Lair:2   | HP: 1/92 [elephant (8)]
 18701 | Lair:2   | Slain by an elephant

Illustrated notes

Levels and vault maps discovered:
D:1:      dpeg_arrival_stone_temple_mockup, layout_loops_corners, serial_shops,
          shop, minmay_split_cup_large
D:2:      layout_basic, chequers_ecumenical_altar_grove, chequers_jeans
D:3:      cheibrodos_thug_alley, layout_rooms, grunt_temple_overflow_opulence,
          grunt_temple_overflow_open, biasface_ghost_orc_armoury, uniq_sigmund
D:4:      minmay_razor_zed, layout_gridville, cheibriados_altar_1,
          ebering_ghost_sewer_f, serial_bayou, serial_bayou_pond_d,
          serial_bayou_shore_b, serial_bayou_pond_a, serial_bayou_shore_b,
          uniq_blork_the_orc
D:5:      layout_rooms, lemuel_doored_altar, lemuel_zombie_altar_yredelemnul,
          minmay_temple_entry_overgrown, nicolae_underground_beach
D:6:      layout_basic
D:7:      minmay_clustersquares, layout_loops_cross,
          mainiacjoe_overflow_catwalk, kennysheep_windowed_goal
D:8:      layout_loops_ring, general_overflow_altar, serial_shops,
          nicolae_diamond_shop
D:9:      layout_cave_pools, lair_entry_dummy, serial_gnoll_camp,
          gnoll_camp_mini_shop, gnoll_camp_medium_02, gnoll_camp_mini_hut,
          gnoll_camp_mini_hut
D:10:     layout_irregular_city, hellmonk_ghost_big_iron,
          minmay_gold_behind_fungi, uniq_fannar, uniq_gastronok
D:11:     layout_loops_ring, uniq_grum
D:12:     layout_grid_maze, orc_0_dummy
Lair:1:   minmay_guarded_unrand_snakebite, layout_cave_pods,
          beast_lair_carwin_10, grunt_megastairs_1
Lair:2:   layout_layer_cave, mainiacjoe_swamp_entry_angry_trees,
          dummy_snake_entry, uniq_nergalle
Lair:3:   layout_gridlike, st_stairs_8

Skill      XL: |  1  2  3  4  5  6  7  8  9 10 11 12 13 |
---------------+----------------------------------------+-----
Stealth        | 1 2 3 4 5 6 7 8 9 10 | 10.4
Fighting       | 2 3 4 5 6 7 8 9 10 | 10.0
Dodging        | 3 4 5 6 7 8 9 10 | 10.3
Unarmed Combat | 4 5 6 7 8 9 10 | 10.5
Shapeshifting  | 4 5 6 7 8 9 |  9.7
Evocations     | 2 3 4 5 6 |  6.3
Translocations | 1 3 |  3.0
Spellcasting   | 1 2 3 |  3.7
Air Magic      | 1 3 |  3.0
Earth Magic    | 1 3 |  3.0

Action                     |  1- 3 |  4- 6 |  7- 9 | 10-12 | 13-15 || total
---------------------------+-------+-------+-------+-------+-------++-------
  Melee: Unarmed           |    66 |    47 |   209 |   588 |   171 ||  1081
         Constrict         |    12 |    11 |    42 |    86 |    15 ||   166
         Tentacles         |    11 |    13 |    55 |   185 |    64 ||   328
         Punch             |       |     1 |    15 |     4 |       ||    20
  Throw: Dart              |       |       |    30 |     5 |       ||    35
   Cast: Passwall          |       |       |       |       |     1 ||     1
 Invoke: Call Merchant     |       |       |       |     2 |     1 ||     3
  Evoke: Wand              |       |       |       |     4 |     2 ||     6
    Use: Scroll            |    11 |     3 |     8 |     6 |     1 ||    29
         Potion            |     1 |       |       |     1 |     2 ||     4
   Stab: Sleeping          |     6 |     2 |    17 |     9 |     1 ||    35
         Distracted        |       |       |       |     3 |     3 ||     6
 Armour: Skin              |    28 |    14 |    88 |   171 |    75 ||   376
  Dodge: Dodged            |    34 |    22 |   128 |   373 |   117 ||   674
  Block: Other             |       |       |       |    93 |    17 ||   110
         Reflection        |       |       |       |     8 |       ||     8
   Form: Flux              |       |       |       |     1 |       ||     1

Table legend: (Time is in decaauts)
 A = Elapsed time spent in this place.
 B = Non-inter-level travel time spent in this place.
 C = Inter-level travel time spent in this place.
 D = Time resting spent in this place.
 E = Time spent auto-exploring this place.
 F = Levels seen in this place.
 G = Mean time per level.
                   A        B        C        D        E       F      G
               +--------+--------+--------+--------+--------+-----+--------+
         Total |  18569 |  17462 |   1107 |   4658 |   7826 |  15 | 1237.9 |
       Dungeon |  14358 |  13299 |   1059 |   3299 |   6391 |  12 | 1196.5 |
          Lair |   4210 |   4163 |     47 |   1359 |   1435 |   3 | 1403.3 |
               +--------+--------+--------+--------+--------+-----+--------+

Top non-repeatable levels by time:
  Lair:2: 2778 daAuts
    D:10: 2088 daAuts
     D:4: 1686 daAuts
  Lair:1: 1420 daAuts
    D:12: 1333 daAuts
     D:9: 1212 daAuts
     D:3: 1092 daAuts
     D:2: 1089 daAuts
     D:1: 1079 daAuts
     D:7: 1047 daAuts
     D:6: 978 daAuts
     D:8: 958 daAuts
    D:11: 924 daAuts
     D:5: 868 daAuts
  Lair:3: 11 daAuts
